 Dungeon Crawl Stone Soup version 0.20-a0-972-gb9bd3e6 (webtiles) character file.

39652 Firecrotchwizard the Impaler (level 14, -2/114 HPs)
             Began as a Merfolk Berserker on Apr 10, 2017.
             Was a High Priest of Trog.
             Slain by a black mamba (7 damage)
             ... on level 6 of the Lair of Beasts.
             The game lasted 00:38:44 (18106 turns).

Firecrotchwizard the Impaler (Merfolk Berserker)   Turns: 18106, Time: 00:38:44

Health: -2/114     AC: 13    Str: 18    XL:     14   Next: 7%
Magic:  14/14      EV: 19    Int:  9    God:    Trog [*****.]
Gold:   3720       SH: 20    Dex: 21    Spells: 13/13 levels left

rFire    . . .     SeeInvis .   k - +3 trident of Misery {venom, rElec Int+3 Dex+3}
rCold    . . .     Gourm    .   Q - +2 large shield
rNeg     . . .     Faith    .   D - +2 ring mail {rPois}
rPois    +         Spirit   .   V - +2 hat {MR+}
rElec    +         Reflect  .   W - scarf {repulsion}
rCorr    .         Harm     .   H - +0 pair of gloves
MR       +++..                  w - +1 pair of boots
Stlth    +.........             (no amulet)
Regen    0.3/turn               h - ring of poison resistance
MPRegen  0.2/turn               Y - ring of protection from magic

@: repel missiles
A: change form in water, swift swim, stealthy swim
a: Berserk, Trog's Hand, Brothers in Arms, Burn Spellbooks, Renounce Religion


You were on level 6 of the Lair of Beasts.
You worshipped Trog.
Trog was extremely pleased with you.
You were hungry.

You visited 2 branches of the dungeon, and saw 17 of its levels.

You collected 3720 gold pieces.

Inventory:

Hand Weapons
 k - the +3 trident of Misery (weapon) {venom, rElec Int+3 Dex+3}
   (You found it on level 5 of the Dungeon)

   It poisons the flesh of those it strikes.
   It affects your intelligence (+3).
   It affects your dexterity (+3).
   It insulates you from electricity.
 B - a +1 antimagic glaive
Missiles
 a - 4 throwing nets
 M - 2 steel javelins (quivered)
 T - 2 poisoned javelins
 X - 4 javelins of returning
Armour
 w - a +1 pair of boots (worn)
 D - a +2 ring mail of poison resistance (worn)
 H - a +0 pair of gloves (worn)
 Q - a +2 large shield (worn)
 V - a +2 hat of magic resistance (worn)
 W - a scarf of repulsion (worn)
Jewellery
 h - a ring of poison resistance (left hand)
 v - an uncursed ring of protection from cold
 F - an uncursed ring of protection from fire
 Y - a ring of protection from magic (right hand)
Wands
 E - a wand of polymorph (6/24)
Scrolls
 f - 10 scrolls of identify
 m - 2 scrolls of remove curse
 n - 2 scrolls of blinking
 t - 4 scrolls of teleportation
 x - a scroll of fog
 y - 3 scrolls of recharging
 C - 5 scrolls of enchant weapon
 P - 2 scrolls of magic mapping
 U - 2 scrolls of fear
Potions
 e - 4 potions of heal wounds
 i - 2 potions of berserk rage
 j - a potion of invisibility {unknown}
 l - 2 potions of degeneration {unknown}
 o - 3 potions of lignification {unknown}
 p - a potion of agility {unknown}
 q - 3 potions of flight
 r - a potion of resistance {unknown}
 s - 5 potions of curing
 u - a potion of mutation {unknown}
 z - 3 potions of haste {unknown}
 A - 2 potions of brilliance {unknown}
 G - 4 potions of might
 I - a potion of ambrosia {unknown}
 L - 2 potions of magic {unknown}
Comestibles
 b - 18 royal jellies
 c - 11 bread rations
 d - 6 meat rations
 g - 7 fruits


   Skills:
 + Level 11.9 Fighting
 - Level 15.9 Polearms
 + Level 7.0 Throwing
 - Level 4.6 Armour
 + Level 13.7 Dodging
 * Level 11.7 Shields


You had 13 spell levels left.
You didn't know any spells.

Dungeon Overview and Level Annotations

Branches:
Dungeon (11/15)            Temple (0/1) D:6            Lair (6/6) D:11
 Shoals (0/4) Lair:2        Snake (0/4) Lair:4        Slime (0/5) Lair:5
    Orc (0/2) D:9

Altars:
Ashenzari
Dithmenos
Fedhas
Gozag
Hepliaklqana
Makhleb
Nemelex Xobeh
Okawaru
Qazlal
Sif Muna
Trog
Vehumet
Xom
Zin
The Shining One

Annotations:
D:4 Firecrotchwizard's ghost, amateur VSTm
D:9 jiveturtle's ghost, novice DsBe
Lair:6 exclusion: 2 oklob plants


Message History

You block the black mamba's attack. The lindwurm bites you.
You block the lindwurm's attack.
The lindwurm claws you but does no damage.
You hit the lindwurm.
The lindwurm looks as sick as possible!
The lindwurm is lightly wounded.
You block the black mamba's attack.
You puncture the black mamba!
The black mamba is heavily wounded.
The black mamba bites you! The lindwurm closely misses you.
The lindwurm claws you but does no damage. x2
You closely miss the black mamba.
The black mamba is heavily wounded.
You block the black mamba's attack. The lindwurm breathes flames at you.
The blast of flame hits you!
* * * LOW HITPOINT WARNING * * *
The blast of flame hits the fungus.
The fungus is destroyed!
The black mamba bites you!
You die...

.## ##.#...÷÷.... .# ...
##.....#.###.. ## # ..
#....÷.....#.. # #...
###P....#...##. # .
.###?###.÷.#...##. #
###...#.......######## #
#P..#.#...#.#..P##.... ##
#...†kS...#.....##.... .##
#...@#####....###.... ..##
#...........### #.... ...#
####......P.# #.... ...###
###.P.#### ##### .....#######
############# #####.
...........###..###.###..###.....
.................................
.................................
P≈≈≈P#...........................


You could see a lindwurm and a black mamba.

Vanquished Creatures
  Gastronok (Lair:1)
  Nessos (Lair:4)
  Harold (Lair:4)
  Josephine (Lair:5)
  6 hydras
  A catoblepas (Lair:6)
  3 two-headed ogres
  The ghost of exodus255 the Thaumaturge, a journeyman DEFE of Sif Muna (D:11)
  3 death yaks (Lair:6)
  Sonja (Lair:3)
  The ghost of lordive the Geomancer, a novice GrEE of Vehumet (D:10)
  A black mamba (Lair:2)
  2 elephants (Lair:6)
  An eye of devastation (Lair:5)
  A centaur skeleton (D:11)
  4 spiny frogs
  6 rime drakes
  4 komodo dragons
  A troll (D:11)
  A hornet (D:8)
  Grinder (D:6)
  A polar bear (Lair:4)
  3 dream sheep (Lair:6)
  4 hippogriffs
  13 blink frogs
  6 wraiths
  4 wyverns
  30 yaks
  A basilisk (Lair:6)
  Edmund (D:6)
  A steam dragon (Lair:6)
  2 soldier ants (D:8)
  2 acid dragons
  7 water moccasins
  7 porcupines
  A swamp drake (Lair:6)
  3 black bears
  A phantom (D:8)
  3 ice beasts
  2 sky beasts
  2 eyes of draining
  3 orc warriors
  4 ogres
  6 centaurs
  16 wolves
  5 necrophages
  11 crocodiles
  A big kobold (D:11)
  17 bullfrogs
  A wyvern zombie (D:7)
  A gnoll sergeant (D:8)
  2 scorpions
  4 crimson imps
  A bullfrog zombie (D:11)
  7 hounds
  A jelly (D:7)
  Crazy Yiuf (D:6)
  5 orc priests (D:8)
  4 orc wizards
  A bullfrog skeleton (D:11)
  4 iguanas
  8 worker ants
  A killer bee zombie (D:6)
  A hound zombie (D:11)
  A worker ant zombie (D:10)
  8 gnolls
  15 adders
  2 howler monkey skeletons
  A shadow imp (D:8)
  An ooze (D:2)
  An adder skeleton (D:5)
  2 dart slugs (D:1)
  5 leopard geckos
  19 orcs
  2 bats (D:1)
  5 giant cockroaches
  10 goblins
  8 hobgoblins
  15 jackals
  6 quokkas
  A frilled lizard (D:1)
  4 goblin skeletons (D:8)
  A hobgoblin zombie (D:8)
  9 kobolds
  2 kobold skeletons (D:8)
  A kobold zombie (D:8)
  An orc skeleton (D:8)
  2 orc zombies (D:8)
  A quokka skeleton (D:5)
  3 quokka zombies
  8 rats
375 creatures vanquished.

Vanquished Creatures (collateral kills)
  A hydra (Lair:2)
1 creature vanquished.

Vanquished Creatures (others)
  A bush (D:7)
  5 fungi
  25 plants
31 creatures vanquished.

Grand Total: 407 creatures vanquished

Notes
Turn   | Place    | Note
-------+----------+-------------------------------------------
     0 | D:1      | Firecrotchwizard the Merfolk Berserker began the quest for the Orb.
     0 | D:1      | Reached XP level 1. HP: 18/18 MP: 1/1
    15 | D:1      | Reached skill level 5 in Polearms
    62 | D:1      | Reached XP level 2. HP: 22/24 MP: 2/2
   874 | D:2      | Reached skill level 6 in Polearms
   874 | D:2      | Reached XP level 3. HP: 29/29 MP: 3/3
   902 | D:2      | Found a faded altar of an unknown god.
  1139 | D:2      | Found a stormy altar of Qazlal.
  1263 | D:2      | Reached ** piety under Trog
  1342 | D:2      | Reached XP level 4. HP: 35/35 MP: 4/4
  1551 | D:3      | Reached skill level 7 in Polearms
  1562 | D:3      | Found an opulent altar of Gozag.
  1852 | D:3      | Found a shadowy altar of Dithmenos.
  2110 | D:3      | Found a burning altar of Makhleb.
  2255 | D:3      | Reached skill level 8 in Polearms
  2255 | D:3      | Reached XP level 5. HP: 28/41 MP: 5/5
  2803 | D:4      | Found a radiant altar of Vehumet.
  3094 | D:4      | Reached skill level 9 in Polearms
  3168 | D:4      | Noticed an ogre
  3191 | D:4      | Reached XP level 6. HP: 46/47 MP: 6/6
  3232 | D:4      | Noticed Firecrotchwizard's ghost (amateur VSTm)
  3780 | D:5      | Entered Level 5 of the Dungeon
  3826 | D:5      | Got a twisted trident
  3827 | D:5      | Identified the +3 trident of Misery {venom, rElec Int+3 Dex+3} (You found it on level 5 of the Dungeon)
  3893 | D:5      | Found a shattered altar of Ashenzari.
  4072 | D:5      | Reached XP level 7. HP: 49/53 MP: 7/7
  4086 | D:5      | Reached skill level 10 in Polearms
  4395 | D:5      | Found a sparkling altar of Nemelex Xobeh.
  4472 | D:5      | Identified a scroll of acquirement
  4551 | D:5      | Reached *** piety under Trog
  4773 | D:6      | Found a staircase to the Ecumenical Temple.
  4843 | D:6      | Noticed Edmund
  4851 | D:6      | Killed Edmund
  4899 | D:6      | Found a shimmering altar of Xom.
  4973 | D:6      | Reached XP level 8. HP: 53/61 MP: 8/8
  5009 | D:6      | Noticed Grinder
  5016 | D:6      | Killed Grinder
  5016 | D:6      | Reached skill level 5 in Fighting
  5016 | D:6      | Reached skill level 11 in Polearms
  5016 | D:6      | Reached skill level 5 in Dodging
  5154 | D:6      | Found a runed door.
  5428 | D:6      | Found a deep blue altar of Sif Muna.
  5472 | D:6      | Noticed Crazy Yiuf
  5477 | D:6      | Killed Crazy Yiuf
  5886 | D:7      | Reached skill level 12 in Polearms
  5889 | D:7      | Received a gift from Trog
  6028 | D:7      | Found a blossoming altar of Fedhas.
  6170 | D:7      | Got a bound steel ring
  6171 | D:7      | Identified the ring "Potu Jyobb" {Fire *Slow Str+7} (You found it on level 7 of the Dungeon)
  6193 | D:7      | Found an iron altar of Okawaru.
  6196 | D:7      | Found a bloodstained altar of Trog.
  6198 | D:7      | Reached XP level 9. HP: 69/69 MP: 9/9
  6294 | D:7      | Found a glowing silver altar of Zin.
  6548 | D:8      | Noticed a two-headed ogre
  6556 | D:8      | Killed a two-headed ogre
  6556 | D:8      | Reached skill level 13 in Polearms
  6655 | D:8      | Found a hazy altar of Hepliaklqana.
  6745 | D:8      | Found a glowing golden altar of the Shining One.
  6899 | D:8      | Reached XP level 10. HP: 79/79 MP: 10/10
  6949 | D:8      | Noticed a two-headed ogre
  6964 | D:8      | Killed a two-headed ogre
  6964 | D:8      | Reached skill level 14 in Polearms
  7256 | D:8      | Identified the Almanac of Shifting Evil
  7667 | D:9      | Reached **** piety under Trog
  7667 | D:9      | Reached skill level 1 in Shields
  7876 | D:9      | Found a staircase to the Orcish Mines.
  8197 | D:9      | Noticed a two-headed ogre
  8211 | D:9      | Killed a two-headed ogre
  8211 | D:9      | Reached skill level 15 in Polearms
  8298 | D:10     | Entered Level 10 of the Dungeon
  8413 | D:9      | Noticed jiveturtle's ghost (novice DsBe)
  8527 | D:10     | Reached XP level 11. HP: 41/87 MP: 11/11
  8612 | D:10     | Noticed lordive's ghost (novice GrEE)
  8889 | D:10     | Killed lordive's ghost
  8953 | D:10     | Received a gift from Trog
 10225 | D:11     | Reached skill level 10 in Dodging
 10260 | D:11     | Noticed exodus255's ghost (journeyman DEFE)
 10289 | D:11     | Killed exodus255's ghost
 10289 | D:11     | Reached skill level 5 in Shields
 10672 | D:11     | Noticed a four-headed hydra
 10704 | D:11     | Killed a four-headed hydra
 11246 | D:11     | Received a gift from Trog
 11591 | D:11     | Found a staircase to the Lair.
 11597 | Lair:1   | Entered Level 1 of the Lair of Beasts
 11652 | Lair:1   | Noticed a four-headed hydra
 11666 | Lair:1   | Killed a four-headed hydra
 11666 | Lair:1   | Reached skill level 1 in Throwing
 11943 | Lair:1   | Reached XP level 12. HP: 79/97 MP: 12/12
 12059 | Lair:1   | Reached ***** piety under Trog
 12155 | Lair:1   | Noticed Gastronok
 12175 | Lair:1   | Killed Gastronok
 12175 | Lair:1   | Reached skill level 10 in Fighting
 12933 | Lair:2   | Received a gift from Trog
 13101 | Lair:2   | Noticed a six-headed hydra
 13108 | Lair:2   | Killed a six-headed hydra
 13276 | Lair:2   | Noticed a four-headed hydra
 13284 | Lair:2   | Killed a four-headed hydra
 13340 | Lair:2   | Found a staircase to the Shoals.
 13892 | Lair:3   | Noticed a four-headed hydra
 13904 | Lair:3   | Killed a four-headed hydra
 13969 | Lair:3   | Reached skill level 5 in Throwing
 13994 | Lair:3   | Noticed Sonja
 14016 | Lair:2   | Reached XP level 13. HP: 86/105 MP: 13/13
 14389 | Lair:3   | Killed Sonja
 14828 | Lair:4   | Noticed Nessos
 14851 | Lair:4   | Killed Nessos
 14955 | Lair:4   | Noticed Harold
 14968 | Lair:4   | Killed Harold
 14968 | Lair:4   | Reached skill level 10 in Shields
 15438 | Lair:4   | Found a staircase to the Snake Pit.
 15920 | Lair:5   | Noticed Josephine
 15940 | Lair:5   | Killed Josephine
 16379 | Lair:5   | Found a staircase to the Slime Pits.
 16525 | Lair:5   | Received a gift from Trog
 16934 | Lair:6   | Entered Level 6 of the Lair of Beasts
 17804 | Lair:6   | Reached XP level 14. HP: 92/114 MP: 14/14
 18106 | Lair:6   | HP: 5/114 [lindwurm/blast of flame (31)]
 18106 | Lair:6   | Slain by a black mamba

Vault maps used:
D:1:      minmay_arrival_stone_box, serial_glass, glass_columns_b,
          glass_columns_a, due_unseen_surprise, serial_bayou_pond_a
D:2:      grunt_qazlal_sundering, chequers_ecumenical_altar_grove, first_bread
D:3:      lemuel_crystal_altar, grunt_dithmenos_smoke, grunt_gozag_breadcrumbs,
          glass_columns_a, st_stairs_10
D:4:      vehumet_altar_wand_db, gup_sewer_entry_bowl
D:5:      ashenzari_conservatory_becter, nemelex_spade_bored_becter
D:6:      kennysheep_mini, lemuel_blue_sif_altar, temple_statues,
          serial_park_tiny_2, uniq_edmund, uniq_grinder, uniq_crazy_yiuf_cottage
D:7:      grunt_temple_overflow_bloody_war, fedhas_altar_decomposition,
          zin_academy
D:8:      nicolae_overflow_crystal_walls, nicolae_tso_besieged_by_evil,
          hangedman_pestilent_swarm
D:9:      david_orc_2
D:11:     lair_entry_dummy
Lair:1:   grunt_megastairs_1, uniq_gastronok
Lair:2:   shoals_dummy_entry, patterned_corridor, infiniplex_staircase_pool_2
Lair:3:   uniq_sonja
Lair:4:   dummy_snake_entry, uniq_nessos, uniq_harold
Lair:5:   minmay_slime_entry_eyes, uniq_josephine
Lair:6:   hangedman_lair_in_review, guppyfry_lair_end_dragon,
          nicolae_volcano_entry_vermiform, nicolae_lair_yak_garden,
          minmay_lair_oklob_chamber

Skill      XL: |  1  2  3  4  5  6  7  8  9 10 11 12 13 14 |
---------------+-------------------------------------------+-----
Polearms       | 5 6 8 9 10 12 13 15 | 15.9
Dodging        | 3 4 6 7 9 11 12 13 | 13.7
Fighting       | 4 5 7 8 9 10 11 | 11.9
Armour         | 2 3 4 |  4.6
Shields        | 3 6 9 11 | 11.7
Throwing       | 2 5 6 7 |  7.0

Action                   |  1- 3 |  4- 6 |  7- 9 | 10-12 | 13-15 || total
-------------------------+-------+-------+-------+-------+-------++-------
Melee: Spear             |   112 |   326 |       |       |       ||   438
       Trident           |       |    11 |   314 |   758 |   544 ||  1627
       Tailslap          |       |       |       |       |     1 ||     1
Throw: Javelin           |       |       |       |       |     2 ||     2
Invok: Berserk           |       |     1 |       |       |       ||     1
       Trog's Hand       |       |       |     1 |     1 |       ||     2
       Burn Spellbooks   |       |       |       |     1 |       ||     1
       Brothers in Arms  |       |       |       |     1 |       ||     1
  Use: Scroll            |       |    11 |     5 |     4 |     4 ||    24
       Potion            |       |       |       |     2 |       ||     2
 Stab: Sleeping          |     1 |       |       |       |       ||     1
       Distracted        |     1 |       |       |     1 |       ||     2
       Confused          |       |       |       |       |     2 ||     2
  Eat: Chunk             |     1 |     9 |     5 |    22 |     9 ||    46
       Royal jelly       |       |     1 |     1 |       |       ||     2
       Fruit             |       |       |     1 |     3 |     4 ||     8
Armor: Animal skin       |     1 |       |       |       |       ||     1
       Chain mail        |    27 |   102 |       |       |       ||   129
       Ring mail         |       |    12 |    35 |    90 |    58 ||   195
Dodge: Dodged            |    30 |   100 |    79 |   217 |   165 ||   591
       Deflected         |       |       |       |       |    10 ||    10
Block: Shield            |       |       |       |    47 |       ||    47
       Large shield      |       |       |       |   354 |   360 ||   714
